 Dungeon Crawl Stone Soup version 0.31.0-11-ge490571c62 (webtiles) character file.

Game seed: 16191531783193679461

35 Gadfly the Insei (level 3, 0/29 HPs)
             Began as a Demonspawn Monk on Feb 2, 2024.
             Slain by Terence
             ... wielding a +0 flail
              (3 damage)
             ... on level 2 of the Dungeon.
             The game lasted 00:01:23 (676 turns).

Gadfly the Insei (Demonspawn Monk)                   Turns: 676, Time: 00:01:24

Health: 0/29       AC:  4    Str: 13    XL:     3   Next: 16%
Magic:  3/3        EV: 12    Int: 10    God:
Gold:   46         SH:  0    Dex: 15    Spells: 2/2 levels left

rFire   + .          .
                       - Unarmed
rCold   . . .        c - orb {light}
rNeg    . . .        d - +1 leather armour {rF+}
rPois   .            (no helmet)
rElec   .            (no cloak)
rCorr   .            (no gloves)
SInv    .            (no boots)
Will    .....        (no amulet)
Stlth   +            (no ring)
HPRegen 0.24/turn    (no ring)
MPRegen 0.08/turn

%: no passive effects
@: confused, ambrosia-drunk, glowing
A: claws 1
a: no special abilities


You were on level 2 of the Dungeon.
You visited 1 branch of the dungeon, and saw 2 of its levels.

You collected 46 gold pieces.

Inventory:

Armour
 a - a +0 robe
 c - an orb of light (worn)
 d - a +1 leather armour of fire resistance (worn)
Potions
 e - a potion of enlightenment {unknown}


   Skills:
 - Level 3.0 Fighting
 + Level 2.9 Dodging
 * Level 3.1 Unarmed Combat
 * Level 1.2 Evocations
 * Level 1.1 Shapeshifting


You had 2 spell levels left.
You didn't know any spells.
Your spell library was empty.

Dungeon Overview and Level Annotations

Branches:
Dungeon (2/15)

Altars:

Annotations:
D:2 Terence


Innate Abilities, Weirdness & Mutations

You have sharp fingernails.


Message History

Terence is lightly wounded.
Terence hits you with a +0 flail.
You scratch Terence but do no damage.
Terence is lightly wounded.
Terence closely misses you.
You scratch Terence but do no damage.
Terence is lightly wounded.
Terence hits you with a +0 flail!
You are too injured to fight recklessly!
You are too injured to fight recklessly!
You are too injured to fight recklessly!
You are too injured to fight recklessly!
You are too injured to fight recklessly!
You are too injured to fight recklessly!
You are too injured to fight recklessly!
You are too injured to fight recklessly!
You are too injured to fight recklessly!
You are too injured to fight recklessly!
You are too injured to fight recklessly!
You are too injured to fight recklessly!
You are too injured to fight recklessly!
You are too injured to fight recklessly!
Unknown command.
Terence attacks as he pursues you! Terence hits you with a +0 flail.
* * * LOW HITPOINT WARNING * * *
Terence attacks as he pursues you! Terence hits you with a +0 flail.
* * * LOW HITPOINT WARNING * * *
You are confused.
You feel invigorated. The hobgoblin hits you.
* * * LOW HITPOINT WARNING * * *
Terence closely misses you. Terence attacks as he pursues you!
Terence hits you with a +0 flail!
* * * LOW HITPOINT WARNING * * *
The hobgoblin hits you.
* * * LOW HITPOINT WARNING * * *
The hobgoblin hits you.
* * * LOW HITPOINT WARNING * * *
Terence hits you with a +0 flail.
You die...
Terence says, "That felt goooood."

#. #.##
...#######..
..........#
#..........
##†.........
#<).......#
#@@.......#
#.g.......#
...###.........#
.............$..#
..#...#.........#
###..........!#
###...).....#
#...........#
#.#....[....#


You could see Terence and a hobgoblin.

Vanquished Creatures
  2 dart slugs (D:1)
  2 bats (D:1)
  4 endoplasms
  6 goblins
  3 hobgoblins (D:1)
  4 kobolds (D:1)
  A quokka (D:2)
  2 ball pythons (D:1)
  A frilled lizard (D:1)
  A rat (D:1)
26 creatures vanquished.

Notes
Turn   | Place    | Note
-------+----------+-------------------------------------------
     0 | D:1      | Gadfly the Demonspawn Monk began the quest for the Orb.
     0 | D:1      | Reached XP level 1. HP: 18/18 MP: 1/1
    47 | D:1      | Gained mutation: You have sharp fingernails. [demonic
                  | ancestry]
    47 | D:1      | Reached XP level 2. HP: 10/24 MP: 2/2
   201 | D:1      | Reached skill level 1 in Evocations
   358 | D:1      | Reached skill level 1 in Shapeshifting
   387 | D:1      | Reached XP level 3. HP: 24/29 MP: 3/3
   660 | D:2      | Noticed Terence
   674 | D:2      | HP: 1/29 [Terence/+0 flail (7)]
   676 | D:2      | Slain by Terence

Illustrated notes

Levels and vault maps discovered:
D:1:      dpeg_arrival_long_road, layout_rooms
D:2:      layout_rooms, roderic_serpentine_path, uniq_jessica, uniq_terence

Skill      XL: |  1  2 |
---------------+-------+-----
Unarmed Combat | 3 |  3.1
Evocations     | 1 |  1.2
Shapeshifting  | 1 |  1.1
Fighting       | |  3.0
Dodging        | |  2.9

Action                     || total
---------------------------++-------
  Melee: Unarmed           ||    62
    Use: Scroll            ||     1
         Potion            ||     1
 Armour: Robe              ||    25
         Leather armour    ||    15
  Dodge: Dodged            ||    29
